Map: [ESL] Hardwire

Players

Clem

  • Race: Terran Terran

Reynor - Winner!

  • Race: Zerg Zerg

Event: IEM Katowice 2022

VOD

Have the link to the VOD?

Description

Time

  • Played on: Feb. 25, 2022, 12:52 p.m.
  • Length: 21:06

All games in this series

Show
View Real Time Build Order
Export as new Build Order

Clem Terran 

Build Orders: Liberator Opening 

Get SALT Encoding   

  12  0:00  SCV  
  13  0:12  SCV  
  14  0:16  Supply Depot  
  14  0:25  SCV  
  15  0:38  SCV  
  15  0:39  Barracks  
  16  0:43  Refinery  
  16  0:50  SCV  
  17  1:02  SCV  
  18  1:14  SCV  
  19  1:26  Marine, Orbital Command  
  20  1:39  Command Center  
  20  1:50  Factory  
  20  1:54  SCV  
  21  2:02  Barracks Reactor  
  21  2:06  SCV  
  22  2:09  Supply Depot  
  22  2:18  SCV  
  22  2:21  Refinery  
  23  2:30  SCV  
  23  2:34  Hellion  
  26  2:38  Marine x2  
  26  2:39  Starport  
  26  2:43  SCV  
  29  2:50  Orbital Command  
  29  2:55  Hellion  
  29  2:57  SCV  
  32  2:59  Marine  
  32  3:03  Marine  
  34  3:09  SCV  
  35  3:16  SCV  
  35  3:18  Supply Depot, Medivac  
  38  3:20  Marine  
  38  3:21  Marine  
  38  3:25  SCV  
  41  3:28  SCV  
  41  3:31  Hellion  
  44  3:37  SCV  
  44  3:40  SCV  
  46  3:42  Supply Depot  
  46  3:48  Liberator  
  46  3:49  SCV  
  46  3:52  SCV  
  51  4:01  SCV, Barracks Tech Lab  
  51  4:02  Hellion  
  54  4:04  SCV, Hellion  
  54  4:06  Supply Depot  
  57  4:13  SCV  
  57  4:16  SCV  
  59  4:22  Stimpack  
  59  4:25  SCV  
  59  4:28  SCV, Command Center  
  61  4:32  Starport Reactor  
  61  4:35  Marine  
  61  4:38  SCV  
  63  4:39  Factory Tech Lab  
  63  4:40  Barracks, SCV  
  63  4:41  Barracks  
  64  4:46  Supply Depot  
  64  4:50  SCV  
  65  4:53  SCV, Marine  
  67  5:00  Refinery  
  67  5:01  Refinery  
  67  5:02  SCV  
  67  5:05  SCV  
  69  5:11  Marine, Engineering Bay  
  69  5:12  Engineering Bay  
  68  5:14  SCV  
  68  5:15  Starport Reactor  
  68  5:17  SCV  
  69  5:22  Siege Tank  
  69  5:26  SCV  
  73  5:29  SCV, Marine  
  73  5:30  Marine x2  
  77  5:35  Marine  
  77  5:36  Supply Depot  
  77  5:38  Terran Infantry Armor Level 1, Terran Infantry Weapons Level 1  
  77  5:39  Marine  
  77  5:40  SCV  
  77  5:41  SCV  
  81  5:46  Marine  
  81  5:47  Marine  
  81  5:49  Supply Depot  
  83  5:50  Marine  
  83  5:52  SCV  
  83  5:53  Medivac x2  
  83  5:55  Supply Depot, SCV  
  90  5:59  Marine  
  90  6:00  Marine  
  90  6:01  Combat Shield  
  92  6:04  SCV  
  92  6:06  Siege Tank  
  92  6:09  Orbital Command  
  92  6:10  Supply Depot  
  96  6:11  SCV  
  96  6:12  Marine  
  96  6:15  Marine  
  96  6:16  SCV  
  96  6:17  Marine  
  101  6:23  SCV  
  101  6:24  Marine x2  
  103  6:26  Medivac  
  103  6:28  SCV  
  103  6:29  Marine, Medivac  
  109  6:33  Supply Depot  
  109  6:36  SCV x2  
  109  6:38  Supply Depot  
  111  6:40  SCV  
  111  6:43  Siege Tank  
  115  6:48  SCV x2  
  115  6:52  SCV  
  116  6:56  Barracks  
  116  6:58  Barracks  
  116  6:59  Armory  
  116  7:00  SCV  
  116  7:02  Marine  
  116  7:03  Medivac  
  116  7:04  SCV  
  117  7:11  Marine x2  
  117  7:12  Marine  
  117  7:13  SCV  
  117  7:15  Marine, Siege Tank  
  122  7:18  Medivac  
  122  7:20  SCV x2, Marine  
  122  7:21  Refinery  
  121  7:23  Supply Depot x2, Refinery  
  121  7:29  Marine x2  
  123  7:33  Command Center  
  123  7:37  Factory  
  123  7:38  Medivac  
  123  7:39  Marine  
  123  7:40  Marine  
  123  7:41  Marine  
  128  7:47  Barracks Reactor x2  
  128  7:48  SCV x2  
  128  7:50  Marine  
  131  7:52  Terran Infantry Weapons Level 2  
  131  7:53  Marine  
  131  7:57  Marine  
  133  7:58  Marine  
  133  8:02  Marine  
  133  8:04  SCV  
  136  8:07  Terran Infantry Armor Level 2  
  136  8:08  Marine  
  136  8:11  Marine  
  138  8:14  Supply Depot  
  138  8:15  Marine  
  138  8:16  Marine  
  138  8:17  Supply Depot  
  140  8:20  Marine, Siege Tank  
  140  8:22  Supply Depot, Terran Vehicle Weapons Level 1  
  140  8:23  Factory Tech Lab  
  140  8:24  Marine  
  140  8:26  Marine  
  146  8:28  Marine  
  146  8:32  Supply Depot  
  146  8:33  Marine  
  148  8:34  Marine  
  148  8:35  SCV x2  
  148  8:37  Marine  
  148  8:41  Refinery, Marine, Marauder  
  145  8:42  Marine x2, Siege Tank  
  145  8:44  Marine  
  145  8:46  Marine  
  151  8:48  SCV  
  151  8:51  Marine  
  151  8:52  Marine, Siege Tank  
  154  8:55  Barracks  
  154  9:00  Barracks x2  
  154  9:01  Marine  
  155  9:06  SCV x2  
  157  9:12  Medivac x2  
  157  9:14  Marine x4, Siege Tank  
  157  9:16  Planetary Fortress  
  168  9:22  SCV  
  168  9:23  SCV x2  
  171  9:26  Marine  
  170  9:34  Marine x4  
  170  9:35  SCV, Siege Tank  
  170  9:37  Marine x2  
  175  9:40  SCV x2  
  175  9:42  Refinery  
  175  9:44  Command Center  
  177  9:46  Barracks Tech Lab x2  
  177  9:51  Marine x2  
  182  9:52  Siege Tank  
  180  10:01  Marine  
  180  10:05  Marine  
  180  10:06  Marauder  
  184  10:08  Siege Tank  
  172  10:14  Terran Infantry Weapons Level 3  
  172  10:15  Marine x2  
  172  10:16  Ghost Academy  
  169  10:23  Marauder x2  
  169  10:25  Medivac x2, Siege Tank  
  169  10:27  Marauder, Terran Vehicle Weapons Level 2  
  183  10:31  Terran Infantry Armor Level 3  
  183  10:34  Marine  
  186  10:36  Barracks Tech Lab  
  186  10:42  Factory  
  183  10:48  Missile Turret  
  183  10:50  Siege Tank, Marine, Sensor Tower  
  183  10:51  Ghost  
  183  10:52  Marauder  
  191  10:59  Missile Turret  
  191  11:00  Missile Turret  
  191  11:02  Missile Turret  
  179  11:04  Siege Tank  
  179  11:07  Ghost  
  179  11:08  Sensor Tower  
  179  11:10  Missile Turret  
  181  11:12  Refinery  
  181  11:13  Refinery, Marine  
  181  11:17  Planetary Fortress  
  182  11:23  Marauder  
  182  11:24  Marine  
  182  11:25  Missile Turret  
  185  11:26  SCV  
  185  11:28  Ghost x2  
  185  11:29  Command Center  
  191  11:32  SCV  
  188  11:41  Ghost, Siege Tank  
  188  11:44  Factory Tech Lab  
  192  11:50  Ghost  
  193  11:55  Siege Tank  
  193  11:57  Ghost  
  193  12:01  Enhanced Shockwaves  
  198  12:04  Marine  
  199  12:12  Command Center  
  199  12:14  Missile Turret, Command Center  
  197  12:16  Ghost  
  199  12:25  Missile Turret  
  199  12:26  Missile Turret  
  199  12:30  Missile Turret  
  199  12:45  Terran Vehicle Weapons Level 3  
  198  12:58  Ghost  
  200  13:10  Supply Depot  
  200  13:12  Supply Depot  
  200  13:13  Supply Depot  
  199  13:20  Supply Depot  
  199  13:33  Barracks  
  198  13:35  Command Center  
  198  13:36  Command Center  
  198  13:37  Ghost  
  198  13:40  Supply Depot, Missile Turret  
  199  13:45  Supply Depot  
  199  13:46  Ghost  
  200  13:53  Siege Tank x3  
  196  14:06  Missile Turret x2, Ghost  
  198  14:16  Ghost  
  190  14:25  Siege Tank  
  190  14:27  Ghost  
  190  14:29  Siege Tank  
  198  14:34  Orbital Command  
  198  14:36  Missile Turret  
  198  14:41  Personal Cloaking  
  198  14:47  Planetary Fortress  
  198  14:49  Missile Turret  
  198  14:50  Missile Turret  
  198  14:54  Sensor Tower  
  198  15:03  Ghost  
  198  15:04  Missile Turret  
  200  15:10  Widow Mine  
  200  15:11  Ghost, Siege Tank  
  200  15:12  Refinery  
  200  15:13  Ghost  
  191  15:15  Marine, Siege Tank  
  191  15:18  Ghost  
  181  15:26  SCV  
  182  15:32  Ghost, Siege Tank  
  182  15:33  Planetary Fortress  
  187  15:40  Ghost  
  187  15:41  Ghost  
  191  15:43  Siege Tank  
  191  15:44  Planetary Fortress  
  191  15:46  Ghost  
  191  15:47  Siege Tank  
  199  15:51  Hi-Sec Auto Tracking  
  199  15:52  Terran Vehicle And Ship Armor Level 1  
  199  16:08  Neosteel Armor, Orbital Command  
  199  16:17  Siege Tank  
  182  16:19  SCV  
  182  16:21  Ghost  
  182  16:23  Ghost  
  182  16:25  Siege Tank  
  160  16:35  Sensor Tower  
  160  16:36  Factory Tech Lab  
  160  16:38  Ghost x2, Sensor Tower  
  160  16:39  Marine x8  
  172  16:40  Missile Turret  
  172  16:44  SCV x2, Refinery, Missile Turret  
  172  16:45  SCV, Refinery  
  175  16:49  Siege Tank  
  175  16:50  Ghost, Nuke  
  175  16:52  Marine  
  181  16:57  Siege Tank  
  187  17:09  SCV  
  175  17:21  Siege Tank  
  178  17:22  Missile Turret  
  178  17:26  Factory Tech Lab  
  178  17:27  Marine x2  
  178  17:28  Marauder x2  
  178  17:29  SCV x4, Siege Tank  
  191  17:30  SCV x2  
  191  17:32  Marine  
  191  17:33  SCV x2  
  196  17:40  Marine x2  
  196  17:41  SCV  
  199  17:48  Refinery x2, Siege Tank  
  194  17:53  Siege Tank  
  188  18:00  SCV  
  188  18:01  Siege Tank  
  188  18:04  Marauder x2  
  188  18:05  Marauder  
  198  18:23  Nuke  
  198  18:24  Terran Vehicle And Ship Armor Level 2  
  198  18:34  SCV  
  199  18:35  SCV, Command Center  
  200  18:46  Missile Turret x2, Sensor Tower  
  200  18:49  Missile Turret  
  195  19:08  Ghost  
  195  19:09  Ghost, Siege Tank  
  172  19:13  Marine  
  172  19:14  Siege Tank  
  172  19:15  Widow Mine, Ghost, Marine  
  172  19:16  Ghost  
  172  19:17  Marine x6  
  182  19:28  SCV  
  182  19:31  Marine  
  183  19:37  Ghost x2  
  190  19:42  Missile Turret  
  190  19:44  Ghost  
  190  19:45  SCV  
  189  19:47  SCV  
  189  19:51  Siege Tank  
  192  20:00  Ghost, Siege Tank  
  192  20:04  Siege Tank  
  192  20:05  Missile Turret  
  192  20:07  Ghost, Starport Reactor  
  181  20:15  SCV  
  179  20:23  Ghost x2  
  179  20:25  Siege Tank  
  145  20:29  Ghost  
  145  20:30  Marine x2  
  145  20:35  Ghost  
  142  20:43  Marine x2  
Show
View Real Time Build Order
Export as new Build Order

Reynor Zerg - Winner!

Build Orders: Hatch First, Lurkers 

Get SALT Encoding   

  12  0:00  Drone  
  13  0:12  Overlord  
  13  0:17  Drone  
  14  0:30  Drone x2  
  16  0:46  Hatchery  
  15  0:51  Drone  
  15  0:54  Drone  
  17  0:58  Drone  
  18  1:08  Extractor  
  17  1:13  Spawning Pool  
  17  1:15  Drone  
  17  1:19  Drone  
  18  1:27  Drone  
  19  1:38  Drone  
  20  1:48  Overlord  
  20  1:59  Queen x2  
  20  2:00  Zergling x4  
  26  2:09  Drone  
  26  2:10  Drone  
  28  2:20  Drone  
  28  2:21  Drone  
  30  2:26  Hatchery  
  29  2:30  Drone  
  29  2:33  Drone  
  31  2:37  Metabolic Boost  
  31  2:44  Drone, Overlord  
  32  2:50  Queen  
  34  2:53  Drone  
  34  2:55  Drone  
  36  3:02  Drone  
  36  3:05  Drone  
  38  3:09  Overlord  
  38  3:10  Queen  
  38  3:11  Drone  
  38  3:12  Drone  
  42  3:15  Drone  
  43  3:20  Drone  
  43  3:24  Overlord  
  44  3:27  Queen  
  44  3:30  Drone  
  47  3:35  Drone  
  47  3:38  Queen  
  47  3:39  Drone  
  51  3:41  Overlord  
  51  3:47  Drone, Queen  
  54  3:50  Zergling x2  
  54  3:51  Zergling x2  
  56  3:56  Zergling x2  
  56  3:58  Drone  
  56  4:00  Drone x2  
  56  4:01  Zergling x2  
  56  4:02  Drone  
  62  4:08  Drone  
  63  4:10  Drone  
  63  4:13  Drone, Queen  
  63  4:14  Spore Crawler  
  66  4:18  Overlord  
  66  4:19  Spore Crawler, Drone  
  66  4:26  Overlord  
  66  4:31  Overlord  
  66  4:35  Lair  
  66  4:37  Drone x3  
  66  4:38  Baneling Nest, Extractor  
  68  4:39  Spore Crawler  
  68  4:40  Overlord  
  68  4:42  Drone  
  68  4:43  Drone  
  68  4:45  Drone  
  68  4:46  Drone  
  68  4:47  Drone  
  71  4:54  Drone x3  
  71  4:58  Overlord  
  75  5:00  Drone x2  
  76  5:07  Evolution Chamber  
  76  5:08  Drone x5  
  76  5:09  Overlord  
  76  5:10  Drone  
  82  5:14  Drone  
  82  5:15  Drone  
  82  5:20  Drone  
  82  5:21  Drone x2  
  87  5:24  Queen  
  87  5:27  Overlord  
  89  5:28  Drone  
  89  5:29  Hatchery, Drone  
  89  5:34  Centrifugal Hooks, Drone  
  91  5:38  Extractor  
  91  5:39  Zergling x2  
  91  5:41  Drone  
  91  5:43  Queen, Extractor  
  91  5:44  Drone x4, Extractor  
  91  5:47  Evolution Chamber  
  91  5:48  Drone, Evolution Chamber  
  94  5:50  Drone  
  94  5:53  Overlord  
  94  5:54  Drone x2  
  97  5:59  Extractor, Zergling x4  
  97  6:03  Overlord  
  96  6:07  Drone  
  96  6:08  Drone  
  97  6:15  Zergling x2  
  97  6:16  Zergling x6  
  97  6:17  Zerg Ground Armor Level 1, Zerg Melee Weapons Level 1, Spore Crawler  
  100  6:21  Spore Crawler, Zergling x8  
  100  6:23  Zergling x2  
  104  6:27  Drone  
  104  6:30  Hydralisk Den  
  104  6:31  Drone x2  
  106  6:33  Baneling x6  
  106  6:35  Drone  
  106  6:36  Drone  
  106  6:37  Hatchery, Drone x2  
  109  6:41  Queen  
  109  6:42  Drone x2  
  109  6:43  Drone  
  114  6:50  Overlord  
  114  6:53  Zergling x6  
  113  6:55  Baneling x5  
  113  7:00  Zergling x6  
  116  7:02  Drone  
  116  7:04  Zergling x6  
  116  7:08  Evolution Chamber  
  119  7:09  Zergling x6  
  119  7:11  Evolution Chamber  
  119  7:14  Drone x3  
  121  7:17  Drone x4  
  121  7:18  Drone  
  121  7:20  Drone x2  
  129  7:26  Drone  
  129  7:27  Muscular Augments, Drone x2  
  129  7:28  Baneling x6  
  129  7:29  Hydralisk x2  
  132  7:30  Hydralisk x2  
  132  7:36  Hydralisk  
  140  7:37  Infestation Pit  
  140  7:40  Hydralisk, Zergling x4  
  145  7:45  Hydralisk x3  
  145  7:48  Drone  
  145  7:49  Drone  
  145  7:51  Overlord  
  153  7:54  Zergling x2  
  153  7:57  Hydralisk, Zergling x2  
  153  7:58  Zergling x2  
  158  7:59  Overlord  
  158  8:04  Extractor  
  154  8:06  Zergling x8  
  154  8:07  Overlord  
  158  8:13  Drone x5  
  158  8:16  Zerg Ground Armor Level 2, Hive  
  158  8:17  Zerg Melee Weapons Level 2  
  158  8:18  Drone  
  158  8:19  Drone x4  
  168  8:20  Overlord  
  168  8:21  Spore Crawler, Zergling x4  
  168  8:25  Overlord  
  167  8:27  Zergling x2  
  167  8:28  Zergling x10  
  173  8:38  Overlord  
  173  8:41  Drone  
  173  8:42  Drone x7, Lurker Den  
  173  8:43  Overseer x2  
  174  8:49  Zergling x4  
  174  8:50  Zergling x10  
  174  8:53  Drone x2  
  174  8:54  Zergling x2  
  174  8:55  Spore Crawler, Zergling x12  
  190  8:57  Spore Crawler  
  190  9:01  Queen  
  190  9:04  Extractor  
  190  9:06  Zergling x12  
  195  9:11  Overlord  
  195  9:14  Zergling x6  
  195  9:16  Grooved Spines  
  198  9:25  Hatchery  
  193  9:41  Seismic Spines  
  193  9:51  Viper x2  
  199  10:01  Pneumatized Carapace  
  199  10:05  Overlord  
  199  10:11  Overlord  
  197  10:18  Extractor x2  
  197  10:19  Spore Crawler  
  194  10:21  Spore Crawler x2  
  194  10:27  Baneling x15  
  192  10:35  Zerg Missile Weapons Level 1  
  192  10:36  Zerg Ground Armor Level 3  
  192  10:38  Adaptive Talons  
  192  10:39  Zergling x14  
  196  11:11  Baneling x16  
  193  11:33  Lurker x2  
  196  12:01  Lurker x5  
  196  12:02  Lurker  
  196  12:05  Adrenal Glands  
  199  12:13  Lurker  
  197  12:23  Baneling x7  
  197  12:24  Baneling x7  
  197  12:27  Overseer x3  
  197  12:33  Nydus Network x2  
  197  12:35  Zerg Missile Weapons Level 2  
  197  12:36  Hatchery  
  194  12:40  Hatchery  
  176  12:44  Zergling x24  
  176  12:45  Zergling x6  
  182  12:52  Viper x2  
  182  12:56  Zergling x24  
  200  13:01  Overlord  
  191  13:10  Overseer  
  191  13:29  Zergling x16  
  191  13:30  Zergling x2  
  196  13:38  Extractor  
  196  13:39  Extractor x3  
  190  13:44  Burrow  
  190  13:56  Spore Crawler  
  190  14:00  Zergling x20  
  185  14:25  Hydralisk x5  
  194  14:33  Overseer x2  
  194  14:34  Overseer x3  
  191  14:47  Hydralisk  
  190  14:55  Lurker  
  190  14:56  Lurker x2  
  190  14:58  Hatchery  
  190  14:59  Infestor x2  
  196  15:02  Spire  
  164  15:21  Hydralisk x4  
  164  15:30  Drone, Queen  
  164  15:31  Drone  
  164  15:35  Zergling x32  
  184  15:38  Overseer x2  
  184  15:40  Lurker  
  184  15:41  Lurker x2, Zergling x14  
  184  15:42  Zergling x12  
  170  16:20  Zergling x2  
  170  16:21  Zergling x52  
  170  16:22  Overlord  
  174  16:26  Overlord  
  174  16:30  Overlord x9  
  163  16:41  Spore Crawler, Spine Crawler  
  163  16:43  Hydralisk, Lurker x4  
  163  16:44  Hydralisk x3  
  163  16:46  Baneling x12  
  173  16:50  Nydus Canal x2  
  170  16:54  Zergling x30  
  170  16:55  Viper x2  
  170  16:56  Hydralisk  
  170  16:57  Zergling x14  
  200  17:01  Queen x4  
  198  17:11  Zergling x16  
  198  17:13  Hydralisk  
  198  17:14  Zergling x18  
  197  17:17  Zergling x6  
  197  17:22  Baneling x12  
  200  17:27  Baneling x5  
  200  17:28  Baneling x2  
  200  17:39  Hatchery  
  200  17:40  Baneling, Zergling x2  
  200  17:47  Zergling x8  
  200  17:51  Zergling x28  
  199  17:57  Baneling x11  
  167  17:58  Hydralisk  
  167  17:59  Zergling x26  
  167  18:00  Hydralisk, Zergling x22  
  167  18:01  Zergling x2  
  167  18:03  Hydralisk  
  167  18:04  Zergling x6  
  193  18:10  Hydralisk  
  193  18:11  Zergling x4  
  197  18:15  Lurker x4  
  197  18:23  Hydralisk, Infestor x2  
  199  18:29  Overlord  
  199  18:32  Overseer x2  
  199  18:34  Lurker x2  
  193  18:35  Baneling x14  
  193  18:37  Zergling x12  
  180  19:07  Zergling x56  
  197  19:13  Hydralisk, Zergling x2  
  181  19:20  Hydralisk x2  
  181  19:21  Hydralisk x2, Zergling x2  
  181  19:22  Zergling x10  
  192  19:26  Hydralisk x2, Queen  
  192  19:27  Zergling x2  
  192  19:30  Overseer x2  
  199  19:32  Baneling x20  
  199  19:44  Zergling x20  
  199  19:45  Baneling  
  199  19:46  Baneling x30  
  199  19:52  Overseer  
  190  20:10  Zergling x36  
  191  20:15  Hydralisk  
  191  20:16  Zergling x20  
  198  20:23  Zergling x24  
  198  20:27  Hydralisk  
  198  20:28  Zergling x12  
  198  20:29  Zergling x6  
  198  20:31  Hydralisk  
  198  20:32  Zergling x10  
  198  20:34  Zergling x6  
  199  20:37  Zergling x2  
  199  20:39  Zergling x2  
  199  20:41  Hydralisk  
  199  20:42  Zergling x4  
  195  20:47  Zergling x8  
  195  20:48  Zergling x4  

Tags
 
Add a new tag
Caveats
  • Supply blocks, unpowered buildings, or Contaminate may cause inaccurate times.
  • Supply counts are checked every 10 seconds.